 Dungeon Crawl Stone Soup version 0.24.0-13-gcf9b319 (webtiles) character file.

Game seed: 7407083816524798944, levelgen mode: deterministic

107 Fang the Skirmisher (level 4, -3/43 HPs)
             Began as a Gargoyle Berserker on Dec 4, 2019.
             Was a Believer of Trog.
             Killed by divine providence
             ... invoked by an orc priest
              (11 damage)
             ... on level 3 of the Dungeon.
             The game lasted 00:02:32 (1412 turns).

Fang the Skirmisher (Gargoyle Berserker)            Turns: 1412, Time: 00:02:33

Health: -3/43      AC:  5    Str: 27    XL:     4   Next: 86%
Magic:  4/4        EV: 12    Int:  7    God:    Trog [**....]
Gold:   58         SH:  0    Dex:  9    Spells: 3/3 levels left

rFire    . . .     SeeInvis .   a - +0 hand axe
rCold    . . .     Gourm    .   (no shield)
rNeg     + . .     Faith    .   b - +0 animal skin
rPois    ∞         Spirit   .   (no helmet)
rElec    +         Reflect  .   (no cloak)
rCorr    .         Harm     .   (no gloves)
MR       .....                  (no boots)
Stlth    ..........             (no amulet)
HPRegen  0.14/turn              (no ring)
MPRegen  0.09/turn              (no ring)

@: berserking, very quick
A: negative energy resistance 1, electricity resistance, unbreathing,
petrification resistance, rot immunity, AC +3
a: Berserk, Trog's Hand, Renounce Religion


You were on level 3 of the Dungeon.
You worshipped Trog.
Trog was pleased with you.
You were hungry.

You visited 1 branch of the dungeon, and saw 3 of its levels.

You collected 58 gold pieces.

Inventory:

Hand Weapons
 a - a +0 hand axe (weapon)
Armour
 b - a +0 animal skin (worn)
Scrolls
 e - 3 scrolls of enchant weapon {unknown}
 h - 2 scrolls of teleportation {unknown}
 j - a scroll of fear {unknown}
Potions
 d - 2 potions of curing {unknown}
 f - a potion of might {unknown}
 g - a potion of haste {unknown}
Comestibles
 c - 6 rations
 i - 3 chunks of flesh


   Skills:
 + Level 4.0 Fighting
 + Level 3.3 Axes
 + Level 3.2 Armour
 + Level 2.4 Dodging


You had 3 spell levels left.
You didn't know any spells.
Your spell library was empty.

Dungeon Overview and Level Annotations

Branches:
Dungeon (3/15)

Altars:
Elyvilon
Sif Muna


Innate Abilities, Weirdness & Mutations

You are resistant to torment.
Your stone body is resilient. (AC +3)
You are immune to poison.
You resist negative energy. (rN+)
You are resistant to electric shocks. (rElec)
You can survive without breathing.
You are immune to petrification.
You are immune to rotting.


Message History

You closely miss the kobold.
The kobold is heavily wounded.
You closely miss the hobgoblin. You slash the orc priest!
You barely miss the kobold. The kobold barely misses you.
The hobgoblin barely misses you.
A rat comes into view.
The kobold barely misses you.
The orc priest invokes the aid of Beogh against you.
Beogh smites you!
* * * LOW HITPOINT WARNING * * *
You are too injured to fight recklessly!
You are too injured to fight recklessly!
A red film seems to cover your vision as you go berserk!
You feel yourself moving faster!
You feel mighty!
You are feeling hungry.
The kobold closely misses you. The hobgoblin barely misses you.
The kobold closely misses you.
The orc priest mumbles some strange prayers to Beogh against you.
Beogh smites you!
You die...

............♣_
.......r.....♣.
..............
............#
............#
.......?....#
......)go...#
......K@K...#####
......).........#
................#
...............##
...............#
###########..%.#
#.....# #.....#
#.....#


You could see an orc priest, a hobgoblin, 2 kobolds and a rat.

Vanquished Creatures
  An orc priest (D:3)
  2 adders (D:2)
  An ooze (D:2)
  A leopard gecko (D:1)
  2 orcs (D:3)
  3 giant cockroaches
  5 goblins
  5 hobgoblins
  7 jackals (D:1)
  A quokka (D:2)
  2 ball pythons (D:2)
  6 bats
  A frilled lizard (D:1)
  A jackal skeleton (D:3)
  9 kobolds
  5 rats
52 creatures vanquished.

Notes
Turn   | Place    | Note
-------+----------+-------------------------------------------
     0 | D:1      | Fang the Gargoyle Berserker began the quest for the Orb.
     0 | D:1      | Reached XP level 1. HP: 14/14 MP: 1/1
   151 | D:1      | Reached XP level 2. HP: 17/19 MP: 2/2
   288 | D:1      | Reached ** piety under Trog
   288 | D:1      | Reached XP level 3. HP: 18/23 MP: 3/3
  1070 | D:2      | Reached XP level 4. HP: 26/29 MP: 4/4
  1317 | D:2      | Found a shimmering blue altar of Sif Muna.
  1318 | D:2      | Found a white marble altar of Elyvilon.
  1400 | D:3      | Found a faded altar of an unknown god.
  1410 | D:3      | Reached skill level 4 in Fighting
  1412 | D:3      | Killed from afar by an orc priest

Levels and vault maps discovered:
D:1:      minmay_arrival_arboretum_small, layout_loops_ring
D:2:      layout_basic, gammafunk_temple_overflow_statue
D:3:      cheibrodos_fertilizer, layout_basic, amethyst_overflow_temple_binary,
          chequers_ecumenical_altar_simple, kennysheep_flooded_box,
          minmay_ogre_servants

Skill      XL: |  1  2  3  4 |
---------------+-------------+-----
Axes           | 3 |  3.3
Dodging        | 2 |  2.4
Armour         | 3 |  3.2
Fighting       | 4 |  4.0

Action                   |  1- 3 |  4- 6 || total
-------------------------+-------+-------++-------
Melee: Hand axe          |   105 |    50 ||   155
Invok: Berserk           |       |     1 ||     1
 Stab: Sleeping          |     3 |     1 ||     4
  Eat: Chunk             |     1 |     1 ||     2
Armor: Animal skin       |    49 |    26 ||    75
Dodge: Dodged            |    78 |    50 ||   128
